 Dungeon Crawl Stone Soup version 0.22-a0-75-g1fede22 (webtiles) character file.

1449 HAL9000 the Slicer (level 8, -4/38 HPs)
             Began as a Vine Stalker Assassin on Jan 12, 2018.
             Slain by a wight
             ... wielding a cursed +0 long sword
              (8 damage)
             ... on level 4 of the Dungeon.
             The game lasted 00:13:27 (5270 turns).

HAL9000 the Slicer (Vine Stalker Assassin)          Turns: 5270, Time: 00:13:27

Health: -4/38      AC:  6    Str: 15    XL:     8   Next: 75%
Magic:  0/9        EV: 16    Int: 15    God:
Gold:   215        SH:  0    Dex: 22    Spells: 7/7 levels left

rFire    . . .     SeeInvis .   I - +1 short sword (speed)
rCold    . . .     Gourm    .   (no shield)
rNeg     . . .     Faith    .   c - +0 robe
rPois    +         Spirit   +   t - +1 hat {MR+}
rElec    .         Reflect  .   d - +0 cloak
rCorr    .         Harm     .   j - +0 pair of gloves
MR       ++...                  Q - +0 pair of boots {Stlth+}
Stlth    +++++.....             z - amulet of magic regeneration
HPRegen  0.52/turn              n - ring of poison resistance
MPRegen  0.36/turn              M - +4 ring of intelligence

@: agile, drained
A: fangs 3, regeneration 1, magic shield, antimagic bite, no potion heal 3, rot
immunity
a: no special abilities


You were on level 4 of the Dungeon.
You were hungry.

You visited 1 branch of the dungeon, and saw 5 of its levels.
You also visited: Sewer.

You collected 215 gold pieces.

Inventory:

Hand Weapons
 b - a +0 blowgun
 I - a +1 short sword of speed (weapon)
 O - a +2 dagger
 P - the +8 fustibalus of Pandemonium {venom, rC+, unknown}
   (You found it on level 5 of the Dungeon)

   It poisons the ammo it fires.
   It protects you from cold.
 R - a cursed -2 hunting sling
Missiles
 e - 37 poisoned needles
 f - 7 curare-tipped needles
 x - 12 tomahawks (quivered)
Armour
 c - a +0 robe (worn)
 d - a +0 cloak (worn)
 j - a +0 pair of gloves (worn)
 t - a +1 hat of magic resistance (worn)
 Q - a +0 pair of boots of stealth (worn)
Jewellery
 n - a ring of poison resistance (left hand)
 z - an amulet of magic regeneration (around neck)
 M - a +4 ring of intelligence (right hand)
Wands
 L - a wand of polymorph (15)
Scrolls
 h - a scroll of random uselessness {unknown}
 k - 2 scrolls of remove curse
 l - 4 scrolls of teleportation {unknown}
 p - a scroll of enchant armour {unknown}
 y - a scroll of immolation {unknown}
 B - a scroll of magic mapping {unknown}
 J - 2 scrolls of identify
Potions
 o - 5 potions of heal wounds
 r - 8 potions of curing
 E - a potion of cancellation {unknown}
 F - a potion of agility
 G - 3 potions of might {unknown}
 K - a potion of flight {unknown}
Comestibles
 g - 4 rations


   Skills:
 - Level 1.7(1.4) Fighting
 + Level 9.8(9.4) Short Blades
 - Level 1.7(1.4) Throwing
 - Level 0.7(0.4) Dodging
 - Level 4.8(4.4) Stealth


You had 7 spell levels left.
You didn't know any spells.

Dungeon Overview and Level Annotations

Branches:
Dungeon (5/15)
 Temple: D:4-7

Altars:
Kikubaaqudgha
Wu Jian

Annotations:
D:5 KristoblXynda's ghost, novice TeGl


Innate Abilities, Weirdness & Mutations

You have razor-sharp teeth.
Your natural rate of healing is unusually fast.
When hurt, damage is shared between your health and your magic reserves.
Your bite disrupts and absorbs the magic of your enemies.
Potions cannot restore your health.
You are immune to rotting.


Message History

You hit the wight but do no damage.
The wight is lightly damaged.
You hit the wight but do no damage. You bite the wight, but do no damage.
The wight is lightly damaged.
The wight hits you with a long sword!
* * * LOW HITPOINT WARNING * * *
You feel drained.
* * * LOW HITPOINT WARNING * * *
You hit the wight but do no damage.
The wight is lightly damaged.
You have no ailments to cure.
You feel agile all of a sudden. The wight closely misses you.
You hit the wight but do no damage. You bite the wight, but do no damage.
The wight is lightly damaged.
You hit the wight but do no damage. You bite the wight, but do no damage.
The wight is lightly damaged.
You are no longer corroded.
The wight hits you with a long sword!
You die...

#########.#..#.#....#..#
#.......##.#.#.......#
#.#######..#.#......##
#.# #.##.#.###### # #.#
#.##.######## ###'#####
#)##........# ##......#
#.#########.#
##......###.....z...#.#
......p.'.......@...#.#
.#......##.##########.#
.#......##.# #.#
.#......##.##########.###
.#......##..............#
..#'######.##############
#.#.# #.# #.#.# #.# #...#
#.#


You could see a wight.

Vanquished Creatures
  Pikel (D:4)
  The ghost of tof the Ducker, a novice GnMo (D:4)
  2 slaves (D:4)
  A centaur (D:5)
  A big kobold (Sewer)
  A wight (D:5)
  An orc priest (D:4)
  Crazy Yiuf (D:2)
  A bullfrog skeleton (D:5)
  A hound (D:3)
  Terence (D:3)
  A worker ant (D:4)
  A hound zombie (D:5)
  Robin (D:2)
  3 gnolls (D:5)
  9 river rats (Sewer)
  9 adders
  An adder zombie (D:4)
  2 worms (D:2)
  2 dart slugs
  2 leopard geckos
  2 orcs (D:4)
  7 ball pythons (Sewer)
  4 giant cockroaches
  7 goblins
  5 hobgoblins
  5 jackals
  A quokka (D:2)
  3 bats
  4 frilled lizards
  24 kobolds
  21 rats
126 creatures vanquished.

Notes
Turn   | Place    | Note
-------+----------+-------------------------------------------
     0 | D:1      | HAL9000 the Vine Stalker Assassin began the quest for the Orb.
     0 | D:1      | Reached XP level 1. HP: 11/11 MP: 2/2
    32 | D:1      | Reached skill level 2 in Short Blades
   264 | D:1      | Reached XP level 2. HP: 15/15 MP: 3/3
   995 | D:2      | Found a runed door.
  1000 | D:2      | Noticed Crazy Yiuf
  1011 | D:2      | Killed Crazy Yiuf
  1011 | D:2      | Reached skill level 3 in Short Blades
  1011 | D:2      | Reached XP level 3. HP: 18/18 MP: 4/4
  1096 | D:2      | Gained mutation: Your natural rate of healing is unusually fast. [Vine Stalker growth]
  1096 | D:2      | Reached XP level 4. HP: 17/23 MP: 3/5
  1273 | D:2      | Reached skill level 4 in Short Blades
  1584 | D:2      | Noticed Robin
  1596 | D:2      | Killed Robin
  1596 | D:2      | Reached XP level 5. HP: 18/26 MP: 3/6
  1652 | D:2      | Noticed Terence
  2094 | D:3      | Found an ancient bone altar of Kikubaaqudgha.
  2293 | D:3      | Killed Terence
  2293 | D:3      | Reached skill level 5 in Short Blades
  2924 | D:4      | Noticed tof's ghost (novice GnMo)
  3006 | D:4      | Killed tof's ghost
  3006 | D:4      | Reached skill level 7 in Short Blades
  3006 | D:4      | Reached XP level 6. HP: 16/30 MP: 4/7
  3006 | D:4      | Reached XP level 7. HP: 18/34 MP: 4/8
  3214 | D:4      | Found a glowing drain.
  3218 | Sewer    | Entered a sewer
  4070 | D:4      | Noticed Pikel
  4332 | D:4      | Killed Pikel
  4332 | D:4      | Reached skill level 9 in Short Blades
  4332 | D:4      | Gained mutation: You have razor-sharp teeth. [Vine Stalker growth]
  4332 | D:4      | Reached XP level 8. HP: 34/38 MP: 9/9
  4382 | D:4      | Found an ornate altar of the Wu Jian Council.
  4892 | D:5      | Entered Level 5 of the Dungeon
  5042 | D:5      | Got a transparent fustibalus
  5180 | D:5      | Noticed KristoblXynda's ghost (novice TeGl)
  5270 | D:4      | Slain by a wight

Vault maps used:
D:1:      dpeg_arrival_pond
D:2:      uniq_crazy_yiuf_cottage, uniq_robin, uniq_terence
D:3:      kiku_gazebo_pond_becter
D:4:      kennysheep_little_box, gup_sewer_entry_bowl,
          hangedman_decor_diamond_cutter, uniq_pikel
D:5:      zin_statuary, serial_shops, nicolae_shop_behind_doors, first_ration,
          kennysheep_potato
Sewer:    sewer_minmay_treatment

Skill      XL: |  1  2  3  4  5  6  7 |
---------------+----------------------+-----
Short Blades   | 2 3 4 7 9 |  9.8
Fighting       | |  1.7
Throwing       | |  1.7
Dodging        | |  0.7
Stealth        | |  4.8

Action                   |  1- 3 |  4- 6 |  7- 9 || total
-------------------------+-------+-------+-------++-------
Melee: Dagger            |    40 |   155 |   161 ||   356
       Bite              |     8 |    48 |    96 ||   152
       Short sword       |       |       |   167 ||   167
       Unarmed           |       |       |     3 ||     3
 Fire: Blowgun           |     2 |     6 |     2 ||    10
  Use: Scroll            |       |     3 |     3 ||     6
       Potion            |       |     2 |     1 ||     3
 Stab: Sleeping          |     6 |    10 |    11 ||    27
       Invisible         |       |     2 |       ||     2
  Eat: Chunk             |       |     6 |     4 ||    10
       Ration            |       |       |     1 ||     1
Armor: Robe              |     5 |    29 |    66 ||   100
Dodge: Dodged            |    17 |    64 |    93 ||   174

Table legend:
 A = Spawn XP
 B = Non-spawn XP
 C = Spawn XP percentage of total XP
 D = Spawn monster count
 E = Non-spawn monster count
 F = Spawn count percentage of total count
 G = Total turns spent on level
                    A         B        C        D         E        F      G
               +---------+---------+-------+---------+---------+-------+---------
         Total |       0 |    2070 |   0.0 |       0 |     124 |   0.0 |  5270
               +---------+---------+-------+---------+---------+-------+---------
           D:1 |       0 |      22 |   0.0 |       0 |      14 |   0.0 |   965
           D:2 |       0 |     179 |   0.0 |       0 |      31 |   0.0 |  1036
           D:3 |       0 |     111 |   0.0 |       0 |       9 |   0.0 |  1078
           D:4 |       0 |    1206 |   0.0 |       0 |      15 |   0.0 |  1005
           D:5 |       0 |     279 |   0.0 |       0 |       7 |   0.0 |   368
         Sewer |       0 |     273 |   0.0 |       0 |      48 |   0.0 |   818
               +---------+---------+-------+---------+---------+-------+---------
